 Dungeon Crawl Stone Soup version 0.32-a0-422-g28b100f618 (webtiles) character file.

Game seed: 1948399832461231392

30 ezpacito the Trooper (level 3, 23/29 HPs)
             Began as a Demonspawn Chaos Knight on Feb 22, 2024.
             Was a Plaything of Xom.
             Quit the game on level 1 of the Dungeon.
             The game lasted 00:01:40 (277 turns).

ezpacito the Trooper (Demonspawn Chaos Knight)       Turns: 277, Time: 00:01:40

Health: 23/29      AC:  5    Str: 14    XL:     3   Next: 3%
Magic:  4/4        EV: 11    Int: 12    God:    Xom [..*...]
Gold:   36         SH:  0    Dex: 12    Spells: 4/4 levels left

rFire   . . .        a - +0 hand axe (chaos)
rCold   . . .        (no shield)
rNeg    . . .        b - +2 leather armour
rPois   .            (helmet restricted)
rElec   .            (no cloak)
rCorr   .            (no gloves)
SInv    .            (no boots)
Will    .....        (no amulet)
Stlth   +            (no ring)
HPRegen 0.24/turn    (no ring)
MPRegen 0.18/turn

%: no passive effects
@: no status effects
A: antennae 1, magic regeneration
a: Renounce Religion


You were on level 1 of the Dungeon.
You worshipped Xom.
You were a toy of Xom.
You visited 1 branch of the dungeon, and saw 1 of its levels.

You collected 36 gold pieces.

Inventory:

Hand Weapons
 a - a +0 hand axe of chaos (weapon)
Armour
 b - a +2 leather armour (worn)
 g - an orb of guile
Scrolls
 c - a scroll of butterflies
 e - a scroll of identify {unknown}
Potions
 d - a potion of resistance {unknown}
 f - a potion of degeneration {unknown}
 h - a potion of attraction {unknown}


   Skills:
 * Level 3.3 Fighting
 * Level 2.9 Axes
 * Level 2.0 Armour
 * Level 1.1 Dodging
 + Level 0.5 Stealth
 + Level 0.3 Unarmed Combat
 * Level 1.0 Spellcasting


You had 4 spell levels left.
You didn't know any spells.
Your spell library contained the following spells:

 Spells                   Type           Power      Damage    Failure   Level
 Haunt                    Necr/Summ      0%         N/A       100%        7
 Borgnjor's Revivificati  Necr           0%         N/A       100%        8
 Death's Door             Necr           0%         N/A       100%        9


Dungeon Overview and Level Annotations

Branches:
Dungeon (1/15)

Altars:


Innate Abilities, Weirdness & Mutations

You have a pair of small antennae on your head.
You regenerate magic rapidly.


Message History

Your Spellcasting skill increases to level 1!
No target in view!
No target in view!
No target in view!
No target in view!
No target in view!
No target in view!
h - a pink potion
Found a leather armour.
A goblin comes into view. It is wielding a +0 dagger.
The goblin shouts!
An endoplasm comes into view.
A kobold comes into view. It is wielding a +0 dagger.
Found a glowing brown potion.
The kobold shouts!
Found a fuming puce potion.
The goblin hits you but does no damage.
The kobold throws a stone.
The stone barely misses you.
You closely miss the goblin. The goblin hits you but does no damage.
You barely miss the goblin. You hit the endoplasm. You freeze the endoplasm.
The endoplasm misses you. The goblin hits you with a +0 dagger.
You barely miss the endoplasm.
The endoplasm is heavily wounded.
You hit the goblin. The endoplasm freezes you.
You are frozen.
The goblin closely misses you.
You hit the goblin. You freeze the goblin.
You kill the goblin!
You hit the endoplasm but do no damage.
The endoplasm is poisoned.
The endoplasm hits you but does no damage.
The kobold completely misses you. The endoplasm freezes you.
You are frozen.
You have reached level 3!
Your experience leads to an increase in your attributes!
Increase (S)trength, (I)ntelligence, or (D)exterity?
You feel stronger. x2
You feel monstrous as your demonic heritage exerts itself.
Your demonic ancestry asserts itself...
A pair of antennae grows on your head!
Are you sure you want to abandon this character and quit the game? (Confirm with "yes".)

........!.#
..........#
..........#
..........#
....$.....# ####
.!..[.....# #..##
......)J.# #...# ##
#...K@.# #...###.
#.####.## #...##..
#...#...## #...#ß..
.......>.######......ß
......(...........#ß..
####......#####...##..
#..............###.
#......####....# ##
##...#.###....##


You could see an endoplasm (very poisoned) and a kobold.

Vanquished Creatures
  A dart slug (D:1)
  An endoplasm (D:1)
  A giant cockroach (D:1)
  2 goblins (D:1)
  A hobgoblin (D:1)
  3 ball pythons (D:1)
  2 bats (D:1)
  3 frilled lizards (D:1)
  2 kobolds (D:1)
  A rat (D:1)
17 creatures vanquished.

Notes
Turn   | Place    | Note
-------+----------+-------------------------------------------
     0 | D:1      | ezpacito the Demonspawn Chaos Knight began the quest for
                  | the Orb.
     0 | D:1      | Reached XP level 1. HP: 18/18 MP: 1/1
    14 | D:1      | XOM: divination: detect creatures
    64 | D:1      | Reached skill level 1 in Dodging
   157 | D:1      | Gained mutation: You regenerate magic rapidly. [demonic
                  | ancestry]
   157 | D:1      | Reached XP level 2. HP: 24/24 MP: 2/2
   251 | D:1      | Reached skill level 1 in Spellcasting
   277 | D:1      | Discovered your monstrous ancestry.
   277 | D:1      | Gained mutation: You have a pair of small antennae on your
                  | head. [demonic ancestry]
   277 | D:1      | Reached XP level 3. HP: 23/29 MP: 4/4
   277 | D:1      | Quit the game

Illustrated notes

Levels and vault maps discovered:
D:1:      erik_arrival_orb_chamber, layout_rooms, serial_aquarium,
          aquarium_bridge_long_joined [aquarium_subvault_bridge,
          aquarium_subvault_window, aquarium_subvault_bridge,
          aquarium_subvault_wall, aquarium_subvault_window,
          aquarium_subvault_balcony], aquarium_window_1, aquarium_window_1,
          aquarium_window_2, aquarium_window_1, aquarium_view_2d,
          aquarium_balcony_double_4

Skill      XL: |  1  2 |
---------------+-------+-----
Dodging        | 1 |  1.1
Armour         | 2 |  2.0
Spellcasting   | 1 |  1.0
Fighting       | |  3.3
Axes           | |  2.9
Stealth        | |  0.5
Unarmed Combat | |  0.3

Action                     || total
---------------------------++-------
  Melee: Hand axe          ||    29
 Armour: Leather armour    ||    24
  Dodge: Dodged            ||    17

Table legend: (Time is in decaauts)
 A = Elapsed time spent in this place.
 B = Non-inter-level travel time spent in this place.
 C = Inter-level travel time spent in this place.
 D = Time resting spent in this place.
 E = Time spent auto-exploring this place.
 F = Levels seen in this place.
 G = Mean time per level.
                   A        B        C        D        E       F      G
               +--------+--------+--------+--------+--------+-----+--------+
         Total |    282 |    282 |      0 |      0 |    194 |   1 |  282.0 |
       Dungeon |    282 |    282 |      0 |      0 |    194 |   1 |  282.0 |
               +--------+--------+--------+--------+--------+-----+--------+

Top non-repeatable levels by time:
     D:1: 282 daAuts
